 Dungeon Crawl Stone Soup version 0.18.1-48-g4cf74bf (webtiles) character file.

4 ololoev the Firebug (level 1, -7/10 HPs)
             Began as a Deep Elf Fire Elementalist on July 26, 2016.
             Mangled by Natasha (10 damage)
             ... on level 2 of the Dungeon.
             The game lasted 00:00:53 (145 turns).

ololoev the Firebug (Deep Elf Fire Elementalist)     Turns: 145, Time: 00:00:54

Health: -7/10      AC:  2    Str:  5    XL:     1   Next: 58%
Magic:  4/6        EV: 13    Int: 19    God:
Gold:   69         SH:  0    Dex: 15    Spells: 1 memorised, 5 levels left

rFire  . . .     SeeInvis .     d - +0 spear
rCold  . . .     Gourm    .     a - +0 robe
rNeg   . . .     Faith    .     (no shield)
rPois  .         Spirit   .     (no helmet)
rElec  .         Dismiss  .     (no cloak)
rCorr  .         Reflect  .     (no gloves)
SustAt .         Harm     .     (no boots)
MR     .....                    j - amulet of magic regeneration
Stlth  ++........               (no ring)
                                (no ring)

@: slowed, very slow, not resistant to hostile enchantments, unstealthy
A: no striking features
a: no special abilities

Inventory:

Hand Weapons
 d - a +0 spear (weapon)
Armour
 a - a +0 robe (worn)
Jewellery
 j - an amulet of magic regeneration (around neck)
Scrolls
 e - 2 scrolls of identify {unknown}
 f - a scroll of recharging {unknown}
 g - 2 scrolls of remove curse {unknown}
 h - a scroll of noise {unknown}
Books
 b - a book of Flames

   Spells                             Type                      Level
   a - Flame Tongue                   Conjuration/Fire             1
   b - Throw Flame                    Conjuration/Fire             2
   c - Conjure Flame                  Conjuration/Fire             3
   d - Inner Flame                    Hexes/Fire                   3
   e - Sticky Flame                   Conjuration/Fire             4
   f - Fireball                       Conjuration/Fire             5
Comestibles
 c - a bread ration
 i - a meat ration


   Skills:
 - Level 2.4 Dodging
 - Level 2.4 Stealth
 + Level 3.0 Spellcasting
 * Level 1.5 Conjurations
 + Level 3.4 Fire Magic


You had 5 spell levels left.
You knew the following spells:

 Your Spells              Type           Power        Failure   Level  Hunger
a - Flame Tongue          Conj/Fire      ##...        8%          1    None


You were on level 2 of the Dungeon.
You were not hungry.

You visited 1 branch of the dungeon, and saw 2 of its levels.

You collected 69 gold pieces.

########### #.........#
#.........# #.. #
#.........# #.# .##
#.........# #.# #..
#..# ##.# #....# ##@#
##..###.##.## #h#
#..#....##..#
#5####.....##....#
#................# #
##........(....... #.
#...#............
...#..#...#............
#.........##..........#
#..##............#...#.

Notes
Turn   | Place    | Note
--------------------------------------------------------------
     0 | D:1      | ololoev the Deep Elf Fire Elementalist began the quest for the Orb.
     0 | D:1      | Reached XP level 1. HP: 10/10 MP: 6/6
   132 | D:2      | Noticed Natasha
   145 | D:2      | Mangled by Natasha

Dungeon Overview and Level Annotations

Branches:
Dungeon (2/15)

Altars:

Annotations:
D:2 Natasha


Message History

A rat comes into view.
You see here a scroll labeled TUEBIFROXE.
h - a scroll labeled TUEBIFROXE A giant gecko comes into view.
Casting: Flame Tongue
Confirm with . or Enter, or press ? or * to list all spells.
Aiming: Flame Tongue
Press: ? - help, Shift-Dir - straight line, f - rat
Aim: a rat The flame tongue hits the rat.
You kill the rat!
Casting: Flame Tongue
Confirm with . or Enter, or press ? or * to list all spells.
Aiming: Flame Tongue
Press: ? - help, Shift-Dir - straight line, f - giant gecko
Aim: a giant gecko The flame tongue hits the giant gecko.
The giant gecko is moderately wounded.
Casting: Flame Tongue
Confirm with . or Enter, or press ? or * to list all spells.
Aiming: Flame Tongue
Press: ? - help, Shift-Dir - straight line, f/p - giant gecko
Aim: a giant gecko (moderately wounded)
The flame tongue hits the giant gecko.
You kill the giant gecko!
(D) Dungeon
Where to? (? - help)
There is a stone staircase leading down here.
You climb downwards.
There is a stone staircase leading up here.
Found a meat ration.
Found 3 gold pieces.
i - a meat ration
Found 9 gold pieces.
You now have 48 gold pieces (gained 3).
Found a scroll labeled HARGHA NAXKE.
g - 2 scrolls labeled HARGHA NAXKE (gained 1)
Found 21 sling bullets.
You now have 57 gold pieces (gained 9).
Found a thick sapphire amulet.
Found 12 gold pieces.
You see here 21 sling bullets.
j - a thick sapphire amulet You now have 69 gold pieces (gained 12).
Put on which piece of jewellery? (? for menu, Esc to quit)
The amulet hums as it attunes itself to your energized body.
j - an amulet of magic regeneration (around neck)
A goblin and Natasha come into view.
The goblin shouts!
Natasha hisses angrily.
Natasha mumbles some strange words.
Natasha's fingertips start to glow.
Natasha stares at you and mumbles some strange words.
You feel yourself slow down.
Natasha mumbles some strange words.
Casting: Flame Tongue
Confirm with . or Enter, or press ? or * to list all spells.
Aiming: Flame Tongue
Press: ? - help, Shift-Dir - straight line, f - goblin
Aim: a goblin The flame tongue hits the goblin.
You kill the goblin!
Casting: Flame Tongue
Confirm with . or Enter, or press ? or * to list all spells.
Aiming: Flame Tongue
Press: ? - help, Shift-Dir - straight line, f - Natasha
Aim: Natasha The flame tongue hits Natasha.
Natasha is severely wounded.
Casting: Flame Tongue
Confirm with . or Enter, or press ? or * to list all spells.
Aiming: Flame Tongue
Press: ? - help, Shift-Dir - straight line, f/p - Natasha
Aim: Natasha (severely wounded)
The flame tongue hits Natasha.
Natasha is almost dead.
Natasha claws you!
Ouch! That really hurt!
Natasha claws you!
Ouch! That really hurt!
You die...

You could see Natasha and a shadow imp.

Vanquished Creatures
  A giant gecko (D:1)
  A goblin (D:2)
  A giant newt (D:1)
  A rat (D:1)
4 creatures vanquished.

Action                   || total
-------------------------++-------
 Cast: Flame Tongue      ||     8

Vault maps used:
D:1:      lightli_arrival_chessboard
D:2:      lemuel_round_altar, minmay_stone_trees_small, uniq_natasha
